 Dungeon Crawl Stone Soup version 0.22-a0-448-g1fb7470 (webtiles) character file.

437 opiumtea the Slasher (level 6, -4/57 HPs)
             Began as a Minotaur Berserker on June 4, 2018.
             Was a Priest of Trog.
             Killed by nerve-wracking pain
             ... invoked by Grinder
              (7 damage)
             ... while paralysed by Grinder
             ... on level 5 of the Dungeon.
             The game lasted 00:14:51 (3590 turns).

opiumtea the Slasher (Minotaur Berserker)           Turns: 3590, Time: 00:14:51

Health: -4/57      AC: 12    Str: 27    XL:     6   Next: 69%
Magic:  14/14      EV:  2    Int:  4    God:    Trog [***...]
Gold:   133        SH:  0    Dex: 11    Spells: 5/5 levels left

rFire    . . .     SeeInvis .   a - +0 falchion
rCold    . . .     Gourm    .   (no shield)
rNeg     . . .     Faith    .   k - +0 chain mail
rPois    .         Spirit   .   (helmet restricted)
rElec    .         Reflect  .   (no cloak)
rCorr    .         Harm     .   o - +1 pair of gloves
MR       .....                  v - +0 pair of boots
Stlth    ..........             (no amulet)
HPRegen  0.19/turn              f - ring of magical power
MPRegen  0.14/turn              (no ring)

@: paralysed, mighty, berserk cooldown, slowed
A: retaliatory headbutt, horns 2
a: Berserk, Trog's Hand, Renounce Religion


You were on level 5 of the Dungeon.
You worshipped Trog.
Trog was most pleased with you.
You were not hungry.

You visited 1 branch of the dungeon, and saw 5 of its levels.

You collected 133 gold pieces.

Inventory:

Hand Weapons
 a - a +0 falchion (weapon)
 b - a +0 hunting sling
 t - a cursed -1 rapier
Missiles
 d - 126 stones (quivered)
 h - 65 sling bullets
 s - 6 curare-tipped needles
Armour
 g - a +0 animal skin
 k - a +0 chain mail (worn)
 o - a +1 pair of gloves (worn)
 v - a +0 pair of boots (worn)
Jewellery
 f - a ring of magical power (left hand)
Scrolls
 e - 3 scrolls of identify
 j - a scroll of remove curse
 l - a scroll of amnesia
 m - a scroll of noise {unknown}
 p - a scroll of magic mapping {unknown}
 q - a scroll of fog
 r - a scroll of blinking {unknown}
 u - a scroll of enchant armour
Potions
 i - 2 potions of lignification
Comestibles
 c - 10 rations


   Skills:
 - Level 6.0 Fighting
 + Level 7.0 Long Blades
 + Level 2.9 Slings
 - Level 2.4 Armour
 - Level 2.1 Dodging


You had 5 spell levels left.
You didn't know any spells.
Your spell library was empty.

Dungeon Overview and Level Annotations

Branches:
Dungeon (5/15)
 Temple: D:4-7

Altars:
Elyvilon
Qazlal
Uskayaw

Annotations:
D:5 Grinder, Prince Ribbit


Innate Abilities, Weirdness & Mutations

You reflexively headbutt those who attack you in melee.
You have a pair of horns on your head.


Message History

Grinder blinks!
Grinder says, "Just stop there for a second..."
Grinder blinks!
As you read the scroll labeled BEONOAMN SEVUUL, it crumbles to dust.
The scroll dissolves into smoke.
It was a scroll of fog.
Okay, then.
It was a potion of might.
You feel very mighty all of a sudden.
You closely miss Grinder. Your headbutt misses Grinder.
Grinder is moderately wounded.
Grinder gestures at you.
You suddenly lose the ability to move!
Grinder hits you!
* * * LOW HITPOINT WARNING * * *
You writhe in agony.
* * * LOW HITPOINT WARNING * * *
Grinder hits you but does no damage. x2
Grinder gestures at you. Pain shoots through your body!
You die...

#.# #..<<# #.# #...## #F#
########..... #§#
..........#.. #.#
#########.#.# #O# #.#.#
#.# #.#.#
#.###################.#.#
#.[....§@5§§5.........#.#
#######################.#
#.# #.. ###


You could see Grinder.

Vanquished Creatures
  2 ogres (D:4)
  An orc priest (D:4)
  A centaur skeleton (D:4)
  2 worker ants (D:4)
  Robin (D:2)
  3 adders
  4 worms
  3 dart slugs (D:1)
  4 leopard geckos
  6 orcs
  12 bats
  5 giant cockroaches
  14 goblins
  12 hobgoblins
  8 jackals
  3 quokkas
  2 ball pythons
  A frilled lizard (D:2)
  4 kobolds
  14 rats
102 creatures vanquished.

Notes
Turn   | Place    | Note
-------+----------+-------------------------------------------
     0 | D:1      | opiumtea the Minotaur Berserker began the quest for the Orb.
     0 | D:1      | Reached XP level 1. HP: 19/19 MP: 0/0
   212 | D:1      | Reached skill level 4 in Long Blades
   215 | D:1      | Reached XP level 2. HP: 21/27 MP: 1/1
   540 | D:1      | Reached ** piety under Trog
   541 | D:1      | Reached XP level 3. HP: 34/34 MP: 2/2
  1149 | D:2      | Noticed Robin
  1175 | D:2      | Killed Robin
  1175 | D:2      | Reached skill level 5 in Fighting
  1175 | D:2      | Reached skill level 5 in Long Blades
  1175 | D:2      | Reached XP level 4. HP: 38/42 MP: 3/3
  1299 | D:2      | Found a stormy altar of Qazlal.
  1449 | D:2      | Reached *** piety under Trog
  1875 | D:3      | Found a hide-covered altar of Uskayaw.
  2202 | D:3      | Reached XP level 5. HP: 39/48 MP: 4/4
  2630 | D:4      | Found a white marble altar of Elyvilon.
  2689 | D:4      | Reached skill level 6 in Long Blades
  2854 | D:4      | Noticed an ogre
  2858 | D:4      | Killed an ogre
  2858 | D:4      | Reached skill level 1 in Slings
  2858 | D:4      | Reached XP level 6. HP: 57/57 MP: 5/5
  3319 | D:4      | Reached skill level 7 in Long Blades
  3481 | D:5      | Entered Level 5 of the Dungeon
  3548 | D:5      | Noticed Prince Ribbit
  3548 | D:5      | Noticed Grinder
  3566 | D:5      | Paralysed by Grinder for 6 turns
  3586 | D:5      | Paralysed by Grinder for 7 turns
  3587 | D:5      | HP: 2/57 [Grinder (2)]
  3590 | D:5      | Killed from afar by Grinder

Vault maps used:
D:1:      tarquinn_simple_flora_water_d, minmay_misc_feat_room, st_stairs_14
D:2:      nicolae_qazlal_eye_of_the_storm, due_unseen_surprise, uniq_robin
D:3:      lemuel_crystal_altar, cheibrodos_sewer_entry_bend, first_ration,
          minmay_quantized
D:4:      old_standard_altar, minmay_misc_feat_cross
D:5:      grunt_temple_overflow_champion_of_chaos, uniq_grinder,
          uniq_prince_ribbit1

Skill      XL: |  1  2  3  4  5  6 |
---------------+-------------------+-----
Fighting       | 4 5 6 |  6.0
Long Blades    | 4 5 6 7 |  7.0
Slings         | 1 2 |  2.9
Armour         | |  2.4
Dodging        | |  2.1

Action                   |  1- 3 |  4- 6 || total
-------------------------+-------+-------++-------
Melee: Falchion          |   108 |   126 ||   234
       Headbutt          |    14 |    25 ||    39
 Fire: Hunting sling     |       |    23 ||    23
Invok: Berserk           |     2 |     2 ||     4
  Use: Potion            |       |     5 ||     5
       Scroll            |       |     9 ||     9
  Eat: Chunk             |     2 |     5 ||     7
       Ration            |       |     2 ||     2
Armor: Animal skin       |    14 |       ||    14
       Chain mail        |    13 |    56 ||    69
Dodge: Dodged            |    51 |    37 ||    88
       Rpst.: Falchion   |    18 |    12 ||    30

Table legend:
 A = Spawn XP
 B = Non-spawn XP
 C = Spawn XP percentage of total XP
 D = Spawn monster count
 E = Non-spawn monster count
 F = Spawn count percentage of total count
 G = Total turns spent on level
                    A         B        C        D         E        F      G
               +---------+---------+-------+---------+---------+-------+---------
         Total |       0 |     625 |   0.0 |       0 |     102 |   0.0 |  3590
               +---------+---------+-------+---------+---------+-------+---------
           D:1 |       0 |      66 |   0.0 |       0 |      38 |   0.0 |  1048
           D:2 |       0 |      77 |   0.0 |       0 |      28 |   0.0 |   528
           D:3 |       0 |      54 |   0.0 |       0 |      20 |   0.0 |   721
           D:4 |       0 |     428 |   0.0 |       0 |      16 |   0.0 |  1184
               +---------+---------+-------+---------+---------+-------+---------
